 Dungeon Crawl Stone Soup version 0.31-a0-868-g674d60d6f7 (webtiles) character file.

Game seed: 16958572014164820483

589 orogor the Covered (level 7, -1/60 HPs)
             Began as a Hill Orc Fighter on Oct 11, 2023.
             Slain by a gnoll
             ... wielding a +0 halberd
             ... led by a gnoll bouda
              (10 damage)
             ... on level 5 of the Dungeon.
             The game lasted 00:36:54 (4102 turns).

orogor the Covered (Hill Orc Fighter)               Turns: 4102, Time: 00:37:00

Health: -1/60      AC:  8    Str: 21    XL:     7   Next: 38%
Magic:  7/7        EV: 10    Int:  8    God:
Gold:   165        SH:  4    Dex: 10    Spells: 6/6 levels left

rFire   . . .        P - +3 falchion (drain)
rCold   . . .        c - +0 buckler
rNeg    + . .        b - +0 scale mail
rPois   .            (no helmet)
rElec   .            J - +0 cloak
rCorr   .            (no gloves)
SInv    .            (no boots)
Will    .....        S - amulet of the acrobat Stlth
                     e - ring of wizardry
HPRegen 0.30/turn    Z - ring of positive energy
MPRegen 0.10/turn

%: acrobat, wizardry (x1)
@: no status effects
A: no striking features
a: no special abilities


You were on level 5 of the Dungeon.
You visited 1 branch of the dungeon, and saw 6 of its levels.

You collected 165 gold pieces.

Inventory:

Hand Weapons
 a - a +0 war axe
 j - a +0 whip
 n - a +0 trident
 x - a +0 shortbow
 K - a +0 club
 L - a +0 dagger
 M - a +0 flail
 N - a +0 hand axe
 O - a +0 short sword
 P - a +3 falchion of draining (weapon)
 U - a +0 war axe
Missiles
 g - 9 boomerangs
 o - 39 stones
 r - 5 poisoned darts (quivered)
 A - 2 curare-tipped darts
Armour
 b - a +0 scale mail (worn)
 c - a +0 buckler (worn)
 d - a +0 chain mail
 f - a +0 chain mail
 i - a +0 cloak
 k - a +1 ring mail of cold resistance
 l - a +0 scale mail
 y - a +0 leather armour
 B - a +0 chain mail
 J - a +0 cloak (worn)
 R - a +0 leather armour
 X - a +0 leather armour
Magical Staves
 u - a staff of air
Jewellery
 e - a ring of wizardry (left hand)
 S - an amulet of the acrobat (around neck)
 Z - a ring of positive energy (right hand)
Talismans
 q - a blade talisman
 W - a serpent talisman
Scrolls
 m - a scroll of noise
 p - a scroll of fog
 s - 3 scrolls of identify
 w - a scroll of fear {unknown}
Potions
 h - a potion of haste {unknown}
 t - a potion of mutation {unknown}
 v - 3 potions of heal wounds {unknown}
 F - a potion of ambrosia {unknown}
 Q - 2 potions of curing {unknown}


   Skills:
 + Level 4.6 Fighting
 + Level 3.3 Long Blades
 + Level 5.3 Axes
 + Level 5.4 Armour
 + Level 1.7 Dodging
 + Level 0.7 Stealth
 + Level 4.1 Shields


You had 6 spell levels left.
You didn't know any spells.
Your spell library contained the following spells:

 Spells                   Type           Power      Damage    Failure   Level
 Slow                     Hex            0%         N/A       45%         1
 Confusing Touch          Hex            0%         N/A       82%         3
 Sigil of Binding         Hex            0%         N/A       82%         3
 Vampiric Draining        Necr           0%         2d6       82%         3
 Chain Lightning          Conj/Air       0%         N/A       100%        9
 Fire Storm               Conj/Fire      0%         5d1       100%        9
 Shatter                  Erth           0%         3d5*      100%        9


Dungeon Overview and Level Annotations

Branches:
Dungeon (6/15)             Temple (0/1) D:4

Altars:
Gozag
Hepliaklqana
Yredelemnul

Shops:
D:1 [   D:2 *   D:3 *(

Portals:
Abyss: D:4

Annotations:
D:3 1 runed translucent door, Syrassil's ghost, amateur DrDe
D:4 2 transporters, Grinder
D:5 Edmund


Message History

The orc priest shouts, "Beogh is our master!
Accept the truth or die!"
You hit the orc priest but do no damage.
You drain the orc priest.
The orc priest is lightly wounded.
The orc priest threatens, "By the altar or by the axe, you will meet Beogh!"
The orc priest closely misses you.
A gnoll comes into view.
It is wielding a +0 halberd and wearing a +1 leather armour of poison resistance.
The gnoll shouts!
You slash the orc priest!
The orc priest is severely wounded.
The orc priest hits you with a +0 whip.
The gnoll bouda gazes fiercely through you!
You feel your attacks grow feeble.
The orc priest shouts, "Join the one true god or die!"
You hit the orc priest.
You kill the orc priest!
The gnoll bouda barks out a call to the hunt!
The gnoll picks up the pace!
You hit the gnoll.
The gnoll is moderately wounded.
The gnoll closely misses you.
The gnoll hits you from afar with a +0 halberd!
You closely miss the gnoll.
The gnoll is moderately wounded.
Your attacks no longer feel as feeble.
The gnoll barely misses you. The gnoll hits you with a +0 club.
The gnoll hits you from afar with a +0 halberd.
The gnoll bouda hits you with a +0 whip.
You slash the gnoll! You drain the gnoll.
You kill the gnoll!
The gnoll closely misses you. You block the gnoll's attack.
The gnoll bouda hits you with a +0 whip.
You slash the gnoll bouda!
The gnoll bouda is moderately wounded.
The gnoll hits you from afar with a +0 halberd. x2
* * * LOW HITPOINT WARNING * * *
The gnoll bouda hits you with a +0 whip!
* * * LOW HITPOINT WARNING * * *
The gnoll hits you from afar with a +0 halberd!
You die...

# #####..g
#######....g#
#...##..############
#..)#g.#............
#..@gg>>.###########
#.).###### #...#
#####


You could see a gnoll bouda and 2 gnolls.

Vanquished Creatures
  A centaur (D:5)
  A bullfrog (D:5)
  3 scorpions
  A hound (D:6)
  An orc priest (D:5)
  2 iguanas (D:4)
  3 gnolls
  3 adders
  2 worms
  2 dart slugs
  14 orcs
  8 bats
  4 endoplasms
  3 giant cockroaches
  8 goblins
  3 hobgoblins
  4 jackals (D:3)
  4 quokkas
  6 ball pythons
  5 frilled lizards
  10 kobolds
  4 rats
92 creatures vanquished.

Notes
Turn   | Place    | Note
-------+----------+-------------------------------------------
     0 | D:1      | orogor the Hill Orc Fighter began the quest for the Orb.
     0 | D:1      | Reached XP level 1. HP: 19/19 MP: 1/1
   227 | D:1      | Found Sateas's Antique Armour Boutique.
   240 | D:1      | Reached XP level 2. HP: 24/27 MP: 2/2
   552 | D:1      | Reached XP level 3. HP: 26/33 MP: 3/3
  1623 | D:2      | Found Ebicvojo's Assorted Antiques.
  1681 | D:2      | Reached XP level 4. HP: 40/40 MP: 4/4
  2293 | D:3      | Found a runed translucent door.
  2293 | D:3      | Noticed a bullfrog
  2573 | D:3      | Found Gozag's Platinum Reserve.
  2573 | D:3      | Found an opulent altar of Gozag.
  2589 | D:3      | Reached XP level 5. HP: 46/46 MP: 5/5
  2690 | D:3      | Noticed Syrassil's ghost (amateur DrDe)
  2727 | D:3      | Found Ziosmiadgh's Weapon Emporium.
  2727 | D:3      | Noticed a +0 quick blade
  2729 | D:3      | Noticed a +0 triple crossbow
  2940 | D:4      | Reached skill level 1 in Dodging
  3010 | D:4      | Reached skill level 5 in Axes
  3028 | D:4      | Found a hazy altar of Hepliaklqana.
  3106 | D:4      | Found a transporter.
  3125 | D:4      | Found a transporter.
  3131 | D:4      | Noticed a small abomination
  3132 | D:4      | Found a one-way gate to the infinite horrors of the Abyss.
  3197 | D:4      | Noticed Grinder
  3319 | D:4      | Found a basalt altar of Yredelemnul.
  3373 | D:4      | Noticed a toenail golem
  3424 | D:4      | Found a staircase to the Ecumenical Temple.
  3473 | D:5      | Entered Level 5 of the Dungeon
  3678 | D:3      | Reached skill level 1 in Long Blades
  3678 | D:3      | Reached XP level 6. HP: 17/52 MP: 6/6
  3889 | D:5      | Noticed Edmund
  4030 | D:5      | Reached skill level 5 in Armour
  4072 | D:6      | Reached XP level 7. HP: 60/60 MP: 7/7
  4102 | D:5      | Slain by a gnoll

Illustrated notes

Levels and vault maps discovered:
D:1:      nicolae_arrival_somewhat_less_tricky_arrival, layout_loops_ring,
          serial_shops, shop
D:2:      layout_basic, serial_shops, shop
D:3:      layout_basic, nicolae_gozag_zags_fifth_avenue, serial_shops,
          nicolae_shop_mannequins, ebering_ghost_sewer_d
D:4:      layout_loops_cross, nzn_hepliaklqana_mist_gate, lemuel_doored_altar,
          mainiacjoe_overflow_small_starburst, minmay_temple_entry_from_below_b,
          gammafunk_ghost_abyssal_escape, serial_bayou_pond_a, uniq_grinder
D:5:      layout_rooms, chei_slow_surprise, st_stairs_3, uniq_ijyb,
          uniq_prince_ribbit1, uniq_edmund, uniq_duvessa
D:6:      layout_basic, palyth_temple_overflow_mages,
          mainiacjoe_overflow_divided_tiny, chequers_serial_rivers_marsh,
          st_stairs_6, kennysheep_decorative_pillar

Skill      XL: |  1  2  3  4  5  6  7 |
---------------+----------------------+-----
Axes           | 3 4 5 |  5.3
Fighting       | 4 |  4.6
Armour         | 4 5 |  5.4
Dodging        | 1 |  1.7
Long Blades    | 1 2 3 |  3.3
Shields        | 4 |  4.1
Stealth        | |  0.7

Action                     |  1- 3 |  4- 6 |  7- 9 || total
---------------------------+-------+-------+-------++-------
  Melee: War axe           |   116 |    57 |       ||   173
         Falchion          |       |    72 |    19 ||    91
    Use: Potion            |     1 |       |       ||     1
         Scroll            |       |     8 |       ||     8
 Armour: Scale mail        |   117 |    93 |    21 ||   231
  Dodge: Dodged            |    85 |   124 |    18 ||   227
  Block: Buckler           |    33 |    37 |     6 ||    76

Table legend: (Time is in decaauts)
 A = Elapsed time spent in this place.
 B = Non-inter-level travel time spent in this place.
 C = Inter-level travel time spent in this place.
 D = Time resting spent in this place.
 E = Time spent auto-exploring this place.
 F = Levels seen in this place.
 G = Mean time per level.
                   A        B        C        D        E       F      G
               +--------+--------+--------+--------+--------+-----+--------+
         Total |   4188 |   4175 |     13 |      0 |      0 |   6 |  698.0 |
       Dungeon |   4188 |   4175 |     13 |      0 |      0 |   6 |  698.0 |
               +--------+--------+--------+--------+--------+-----+--------+

Top non-repeatable levels by time:
     D:3: 1178 daAuts
     D:1: 1173 daAuts
     D:2: 895 daAuts
     D:4: 784 daAuts
     D:5: 111 daAuts
     D:6: 45 daAuts
